Kuck Ferio, chaotic male elven Wizard ------ ------- |....| ....`- #.....| ....| ###|..<.| -----l..| # |....| |.{ |...| ##### .....| + |{. |*..| ----- # ------ |. |. |.@.| |...| ### |...-.---..'-####|...| # |.....*.%...| #.....### |`.........*| ----- ------------- Kuck Ferio the Thaumaturge Experience level: 6 Strength: 8 Dexterity: 16 Constitution: 12 Intelligence: 12 Wisdom: 20 Charisma: 8 Health: 0(43) Energy: 122(122) Def: 5 Gold: 177 Moves: 1321 Dungeon seed: aMb6KPIP-PBQuXhL Game ID: Kuck Ferio_1453978623 Your Inventory: Coins $ - 177 gold pieces Weapons w - the uncursed rustproof +1 Magicbane (weapon in hand) Armor e - an uncursed +0 cloak of magic resistance (being worn) r - an uncursed +0 pair of iron shoes (being worn) y - an uncursed +0 dwarvish iron helm (being worn) Comestibles p - an uncursed tripe ration C - 2 uncursed food rations Scrolls H - an uncursed scroll of remove curse I - an uncursed scroll of teleportation M - 2 blessed scrolls of blank paper N - a cursed scroll of blank paper Potions G - an uncursed potion of see invisible L - a blessed potion of gain ability Rings h - an uncursed ring of polymorph control k - an uncursed ring of see invisible Wands d - an uncursed wand of nothing (0:6) j - an uncursed wand of create monster (0:13) x - an uncursed wand of striking (0:5) J - an uncursed wand of magic missile (0:7) K - an uncursed wand of probing (0:5) Tools b - an uncursed sack f - an uncursed tooled horn s - an uncursed blindfold E - 7 cursed tallow candles (0:200) Contents of the sack: an uncursed scroll of gold detection 2 uncursed scrolls of scare monster an uncursed potion of gain energy an uncursed potion of object detection an uncursed potion of paralysis an uncursed potion of speed Spells and supernatural/magical abilities: Name Level Category Fail Memory a - force bolt 1 attack 33% 94% K - cure sickness 3 healing 100% 94% W - pray for help -- divine ? -- Your skills at the end: Miscellaneous Skills wands [Basic] Weapon Skills dagger [Basic] quarterstaff [Basic] Spellcasting Skills attack spells [Basic] enchantment spells [Basic] Final Attributes: You were piously aligned. You were sleep resistant. You were magic-protected. You had infravision. You were held by a rope golem. You are dead. Vanquished creatures: 2 wood nymphs a shrieker 3 gnome lords 2 gnomish wizards a red naga hatchling 2 elf zombies a paper golem 4 dwarves 7 monkeys 2 dwarf zombies 2 coyotes a gas spore an acid blob 4 geckos a brown mold 12 gnomes a garter snake a jackal 2 kobolds 2 newts a goblin a grid bug a lichen 55 creatures vanquished. Voluntary challenges: You did not adorn yourself with jewelry or accessories. You used a wielded weapon 77 times, starting on turn 208. You did not apply a unicorn horn. You read items or engraved 1 time, starting on turn 287. You never genocided any monsters. You never polymorphed an object. You never changed form. You used no wishes. You never split a pudding. You wrote Elbereth's name 1 time, starting on turn 287. You never violated your personal moral code. Dungeon overview: The Dungeons of Doom: levels 1 to 7 Level 1 a sink a long staircase Level 2 Level 3 Level 4 a hardware shop, an altar to Anhur, some fountains stairs to The Gnomish Mines Level 5 Level 6 Level 7 <- You were here some fountains The Gnomish Mines: levels 5 to 7 Level 5 stairs to The Dungeons of Doom Level 6 Level 7 many shops, a temple to Thoth, a magic chest, some fountains History has recorded: On T:1 you entered the Dungeons of Doom to retrieve the Amulet of Yendor! On T:214 you reached level 2 of The Dungeons of Doom. On T:275 you reached level 3 of The Dungeons of Doom. On T:294 you advanced to experience level 2. On T:399 you reached level 4 of The Dungeons of Doom. On T:463 you advanced to experience level 3. On T:497 you received Magicbane from Anhur. On T:524 you reached level 1 of The Gnomish Mines. On T:567 you advanced to experience level 4. On T:592 you reached level 2 of The Gnomish Mines. On T:643 you reached level 3 of The Gnomish Mines. On T:714 you advanced to experience level 5. On T:715 you entered the Minetown temple On T:789 you opened a magic chest. On T:893 you advanced to experience level 6. On T:1122 you reached level 5 of The Dungeons of Doom. On T:1198 you reached level 6 of The Dungeons of Doom. On T:1232 you reached level 7 of The Dungeons of Doom. Score breakdown: Gold: 177 ( 17 points) Experience: 6 levels ( 500 points) Exploration: 7 levels ( 180 points) Discoveries: 8 items ( 400 points) Variety of kills: 23 monsters ( 1150 points) Major goal: reached Minetown ( 500 points) Survival: died (score multiplied by 3) Total score: 8241 Latest messages: You hack the rope golem! The rope golem claws you! (2x) You are being choked. You die... Final status: Goodbye Kuck Ferio the Wizard, killed by a rope golem... You died in The Dungeons of Doom on dungeon level 7 with 8241 points, and 177 pieces of gold, after 1321 moves. You were level 6 with a maximum of 43 hit points when you died.